 Dungeon Crawl Stone Soup version 0.29.1-2-gbd0b4ee654 (webtiles) character file.

Game seed: 14407958638198642271

666 CryoSword the Chopper (level 7, -8/57 HPs)
             Began as a Ghoul Fighter on Nov 7, 2022.
             Mangled by an ogre
             ... wielding a +0 giant spiked club
              (26 damage)
             ... on level 4 of the Dungeon.
             The game lasted 00:03:24 (3165 turns).

CryoSword the Chopper (Ghoul Fighter)               Turns: 3165, Time: 00:03:25

Health: -8/57      AC: 13    Str: 20    XL:     7   Next: 57%
Magic:  6/6        EV:  7    Int:  5    God:
Gold:   172        SH:  4    Dex:  8    Spells: 6/6 levels left

rFire   . . .      SeeInvis .   a - +0 war axe
rCold   + . .      Faith    .   c - +0 buckler
rNeg    + + +      Spirit   .   q - +0 chain mail
rPois   ∞          Reflect  .   m - +2 hat
rElec   .          Harm     .   (no cloak)
rCorr   .          Rampage  .   g - +1 pair of gloves
Will    .....                   (no boots)
Stlth   ..........              (no amulet)
HPRegen 0.00/turn               (no ring)
MPRegen 0.10/turn               (no ring)

@: inhibited regen
A: claws 1, cold resistance 1, negative energy resistance 3, inhibited
regeneration, torment resistance 2, devour on kill
a: no special abilities


You were on level 4 of the Dungeon.
You visited 1 branch of the dungeon, and saw 4 of its levels.

You collected 172 gold pieces.

Inventory:

Hand Weapons
 a - a +0 war axe (weapon)
Missiles
 b - a throwing net
 f - 12 curare-tipped darts (quivered)
 h - 9 poisoned darts
Armour
 c - a +0 buckler (worn)
 g - a +1 pair of gloves (worn)
   (You found it on level 1 of the Dungeon)
 m - a +2 hat (worn)
   (You found it on level 2 of the Dungeon)
 q - a +0 chain mail (worn)
   (You found it on level 2 of the Dungeon)
 u - a scarf of harm
   (You found it on level 3 of the Dungeon)
Scrolls
 e - a scroll of blinking
 l - 2 scrolls of teleportation {unknown}
 n - a scroll of poison {unknown}
 o - a scroll of enchant armour
 p - 2 scrolls of amnesia
 v - a scroll of fear {unknown}
 w - a scroll of vulnerability {unknown}
Potions
 d - 3 potions of might
 i - 2 potions of haste {unknown}
 j - a potion of flight
 k - 3 potions of attraction {!q}
 r - a potion of ambrosia {unknown}
 s - a potion of curing {unknown}
 t - a potion of resistance {unknown}
 x - a potion of invisibility {unknown}


   Skills:
 - Level 3.2 Fighting
 + Level 7.5 Axes
 - Level 2.6 Armour
 - Level 2.6 Shields


You had 6 spell levels left.
You didn't know any spells.
Your spell library contained the following spells:

 Spells                   Type           Power      Damage    Failure   Level
 Ensorcelled Hibernation  Hex/Ice        0%         N/A       100%        2
 Passwall                 Tmut/Erth      0%         N/A       100%        2
 Swiftness                Air            0%         N/A       100%        3


Dungeon Overview and Level Annotations

Branches:
Dungeon (4/15)
 Temple: D:4-7

Altars:
Uskayaw


Innate Abilities, Weirdness & Mutations

You are immune to poison.
You have sharp fingernails.
Your flesh is cold resistant. (rC+)
You are immune to negative energy. (rN+++)
You do not regenerate when monsters are visible.
You are immune to unholy pain and torment.
You thrive by killing the living.


Message History

Cleave: a) +0 war axe
Aim: an ogre, wielding a +0 giant club (severely wounded, about 28% to evade your +0 war axe)
You slash the ogre!
You kill the ogre!
w - a scroll labelled KOATIUBOMY
Found a stone staircase leading up.
Found an escape hatch in the floor.
l - 2 scrolls labelled RUAWISTU GALYMM (gained 1)
There is an escape hatch in the floor here.
h - 9 poisoned darts (gained 4)
An orc wizard comes into view. It is wielding a +0 dagger.
The orc wizard shouts!
You hear a shout!
An orc wizard is nearby!
An orc wizard is nearby!
An orc wizard is nearby!
An orc comes into view.
It is wielding a +0 whip of electrocution.
An orc wizard comes into view. It is wielding a +0 dagger.
The orc wizard gestures at you while chanting.
You resist with some effort.
The orc wizard shouts!
You barely miss the orc. You block the orc's attack.
The orc hits you with a +0 whip of electrocution.
You hit the orc. The orc hits you but does no damage.
The orc wizard mumbles some strange words.
The orc wizard flickers and vanishes!
Deactivating autopickup; reactivate with Ctrl-A.
You closely miss the orc. The orc closely misses you.
You hit the orc but do no damage. The orc barely misses you.
You hit the orc.
You kill the orc!
You hit something. Something hits you but does no damage.
You slash something! Something completely misses you.
You hear some strange, mumbled words.
A magic dart appears from out of thin air!
The magic dart hits you but does no damage.
You barely miss something. Something hits you but does no damage.
The orc wizard gestures at you while chanting.
The magic dart hits something!
Reactivating autopickup.
You feel a bit more experienced. You block the orc wizard's attack.
Items here: )) [[ †.
You barely miss the orc wizard.
The orc wizard points at you and mumbles some strange words.
You are confused.
You bump into the rock wall.
The orc wizard points at you and mumbles some strange words.
You resist with some effort.
You barely miss the orc wizard.
The orc wizard hits you but does no damage.
You bump into the rock wall.
The orc wizard hits you but does no damage.
You miss the orc wizard. The orc wizard closely misses you.
You bump into the rock wall.
The orc wizard hits you but does no damage.
You closely miss the orc wizard.
You feel less confused.
The orc wizard hits you but does no damage.
The orc wizard points at you and mumbles some strange words.
The magic dart hits you.
You closely miss the orc wizard.
The orc wizard gestures at you while chanting.
The puff of flame hits you but does no damage.
You closely miss the orc wizard.
The orc wizard hits you but does no damage.
You hit the orc wizard.
The orc wizard hits you with a +0 dagger.
You hit the orc wizard.
The orc wizard gestures at you while chanting.
You resist with some effort.
You barely miss the orc wizard.
The orc wizard casts a spell.
The orc wizard flickers and vanishes!
Deactivating autopickup; reactivate with Ctrl-A.
You barely miss something.
Something hits you but does no damage. x2
You closely miss something. Something hits you but does no damage.
You closely miss something. Something hits you but does no damage.
You closely miss something. Something hits you.
You closely miss something. Something hits you but does no damage.
You hit something. Something hits you but does no damage.
You barely miss something. Something hits you.
Something hits you but does no damage.
You miss something.
You hear some strange, mumbled words.
Something tries to affect you, but you resist.
You hit something.
You hear some strange, mumbled words.
A puff of flame appears from out of thin air!
The puff of flame hits you!
You slash something!
Reactivating autopickup.
You feel a bit more experienced.
Things that are here:
a +0 dagger; a +0 robe
x - an amethyst potion
There is a stone staircase leading down here.
You see here a +0 short sword.
Key pressed, stopping explore.
You see here a +0 giant club.
An endoplasm comes into view.
An endoplasm is nearby!
An endoplasm is nearby!
An endoplasm is nearby!
The endoplasm hits you but does no damage.
You hit the endoplasm. The endoplasm freezes you.
You are frozen.
You resist.
You slash the endoplasm!
You kill the endoplasm!
No target in view!
No target in view!
No target in view!
No target in view!
No target in view!
No target in view!
No target in view!
No target in view!
A hobgoblin comes into view.
The hobgoblin shouts!
A hobgoblin is nearby!
A hobgoblin is nearby!
The hobgoblin hits you but does no damage.
You barely miss the hobgoblin.
An ogre comes into view. It is wielding a +0 giant spiked club.
The hobgoblin hits you.
The ogre shouts!
You hit the hobgoblin.
The ogre hits the plant with a +0 giant spiked club!
The plant begins to die.
The hobgoblin closely misses you.
You slash the hobgoblin!
You kill the hobgoblin!
You feel better.
No reachable target in view!
No reachable target in view!
The ogre hits the plant with a +0 giant spiked club!!
The ogre hits the plant with a +0 giant spiked club!!
A nearby plant withers and dies.
You barely miss the ogre.
The ogre hits you with a +0 giant spiked club!!
You are too injured to fight recklessly!
Cleave: a) +0 war axe
Aim: an ogre, wielding a +0 giant spiked club (about 28% to evade your +0 war axe)
You slash the ogre!
The ogre hits you with a +0 giant spiked club!
* * * LOW HITPOINT WARNING * * *
Cleave: a) +0 war axe
Aim: an ogre, wielding a +0 giant spiked club (heavily wounded, about 28% to evade your +0 war axe)
You barely miss the ogre.
The ogre hits you with a +0 giant spiked club!!
You die...

#####.##.#####
#.# ..
#.#......## #.#
## #.#.####..##
#.# #.#.# ##..#
#.# #♣♣♣♣ ##.#
#.# ♣♣♣♣ #.#
#.# ~~~~~♣♣#.##
~~~PPP~♣..#
P~~~.~.@..#
.......O..#
..........#
....~..~~♣~~
.~~~~~~~~~~~P
~~~~~~≈~~PPP~P#
P~~~≈≈≈≈~~~~♣..
~P~≈≈P~~~♣~♣ ..


You could see an ogre.

Vanquished Creatures
  Sigmund (D:2)
  2 ogres (D:4)
  A scorpion (D:4)
  2 orc priests
  Natasha (D:2)
  2 orc wizards
  5 adders
  2 worms (D:2)
  A dart slug (D:3)
  8 orcs
  2 ball pythons (D:1)
  3 bats
  7 endoplasms
  4 giant cockroaches
  5 goblins
  10 hobgoblins
  2 jackals (D:1)
  A frilled lizard (D:1)
  4 kobolds
  11 rats
74 creatures vanquished.

Vanquished Creatures (others)
  An orc wizard (D:4)
  A plant (D:4)
2 creatures vanquished.

Grand Total: 76 creatures vanquished

Notes
Turn   | Place    | Note
-------+----------+-------------------------------------------
     0 | D:1      | CryoSword the Ghoul Fighter began the quest for the Orb.
     0 | D:1      | Reached XP level 1. HP: 19/19 MP: 0/0
    56 | D:1      | Reached skill level 2 in Axes
   228 | D:1      | Reached XP level 2. HP: 25/26 MP: 1/1
   797 | D:1      | Reached skill level 3 in Axes
   854 | D:1      | Found a faded altar of an unknown god.
  1035 | D:2      | Reached XP level 3. HP: 23/31 MP: 2/2
  1364 | D:2      | Noticed Natasha
  1371 | D:2      | Killed Natasha
  1372 | D:2      | Reached XP level 4. HP: 33/38 MP: 3/3
  1375 | D:2      | Reached skill level 4 in Axes
  1379 | D:2      | Noticed Sigmund
  1406 | D:2      | Killed Sigmund
  1407 | D:2      | Reached skill level 5 in Axes
  1407 | D:2      | Reached XP level 5. HP: 38/45 MP: 4/4
  1407 | D:2      | Reached XP level 6. HP: 43/51 MP: 5/5
  2123 | D:3      | Reached skill level 6 in Axes
  2407 | D:3      | Found a hide-covered altar of Uskayaw.
  2537 | D:4      | Reached XP level 7. HP: 37/57 MP: 6/6
  2665 | D:4      | Reached skill level 7 in Axes
  3165 | D:4      | Mangled by an ogre

Illustrated notes

Levels and vault maps discovered:
D:1:      amcnicky_arrival_abandoned_market, layout_basic,
          dilly_ecumenical_altar_fadedgnrine
D:2:      layout_loops_ring, uniq_sigmund, uniq_natasha
D:3:      layout_basic, overflow_temple_1_default, minmay_misc_feat_five,
          chequers_mini_garden, minmay_pentangle
D:4:      layout_loops_ring, nicolae_shop_i_like_big_books, serial_bayou_ford_a,
          uniq_eustachio

Skill      XL: |  1  2  3  4  5  6  7 |
---------------+----------------------+-----
Axes           | 2 3 5 6 7 |  7.5
Fighting       | |  3.2
Armour         | |  2.6
Shields        | |  2.6

Action                   |  1- 3 |  4- 6 |  7- 9 || total
-------------------------+-------+-------+-------++-------
Melee: War axe           |   102 |   122 |    51 ||   275
  Use: Scroll            |     1 |     3 |       ||     4
       Potion            |       |     4 |       ||     4
Armor: Scale mail        |    55 |    42 |       ||    97
       Chain mail        |       |    35 |    27 ||    62
Dodge: Dodged            |    41 |    44 |     9 ||    94
Block: Buckler           |    20 |    18 |     6 ||    44
